Map: Magannatha LE

Players

woody - Winner!

  • Race: Terran Terran
  • Spawn Location: 11:00

ManlyManMeat

  • Race: Terran Terran
  • League: Platinum
  • Spawn Location: 5:00

VOD

Have the link to the VOD?

Description

Time

  • Played on: June 19, 2025, 11:17 a.m.
  • Length: 14:41
Show
View Real Time Build Order
Export as new Build Order

woody Terran - Winner!

Build Orders: Liberator Opening 

Get SALT Encoding   

  12  0:00  SCV  
  13  0:12  SCV  
  14  0:17  Supply Depot  
  14  0:24  SCV  
  15  0:38  SCV  
  15  0:40  Barracks  
  16  0:43  Refinery  
  16  0:50  SCV  
  16  0:52  Refinery  
  17  1:03  SCV  
  18  1:15  SCV  
  19  1:27  Orbital Command, Reaper  
  19  1:28  Supply Depot  
  20  1:46  Factory  
  20  1:54  SCV  
  20  1:59  Reaper  
  22  2:06  SCV  
  23  2:19  SCV  
  24  2:23  Command Center  
  24  2:31  SCV  
  24  2:33  Starport  
  24  2:35  Hellion  
  26  2:47  SCV  
  26  2:49  Barracks Reactor  
  27  2:59  SCV  
  27  3:03  Supply Depot  
  27  3:04  Hellion  
  30  3:13  SCV  
  29  3:24  Liberator  
  32  3:31  SCV  
  33  3:39  Command Center  
  33  3:45  Orbital Command  
  33  3:46  Marine  
  34  3:49  Marine  
  34  3:53  Widow Mine  
  34  3:55  SCV  
  38  4:07  SCV  
  36  4:18  Engineering Bay  
  36  4:19  SCV  
  36  4:20  Starport Reactor, Factory Tech Lab, Marine  
  36  4:21  Marine  
  36  4:22  SCV  
  40  4:26  Refinery  
  40  4:27  Refinery  
  40  4:31  SCV  
  41  4:34  SCV  
  42  4:41  Marine x2  
  42  4:42  Siege Tank  
  42  4:43  SCV  
  42  4:45  Missile Turret  
  48  4:46  SCV  
  49  4:54  Orbital Command  
  44  5:06  SCV x2  
  42  5:18  SCV x2  
  44  5:24  Orbital Command  
  44  5:30  SCV x2  
  44  5:33  Viking x2  
  44  5:34  Siege Tank, Marine  
  54  5:36  Marine  
  54  5:42  SCV x2  
  57  5:54  SCV  
  57  5:55  SCV x2  
  60  6:02  Missile Turret  
  60  6:03  Terran Infantry Weapons Level 1  
  60  6:07  SCV  
  60  6:09  SCV  
  62  6:12  SCV  
  62  6:16  Medivac x2  
  62  6:17  Supply Depot, Engineering Bay  
  67  6:18  Marine  
  67  6:19  Marine  
  67  6:23  Siege Tank  
  72  6:26  SCV  
  72  6:27  Barracks  
  72  6:29  SCV  
  74  6:33  SCV  
  74  6:38  SCV  
  76  6:43  Marine x2  
  76  6:46  Terran Infantry Armor Level 1  
  78  6:48  Barracks  
  78  6:51  SCV  
  79  6:55  SCV x2, Siege Tank  
  80  7:03  SCV  
  80  7:07  SCV x2  
  75  7:15  SCV  
  71  7:19  SCV  
  71  7:22  Orbital Command  
  67  7:27  SCV  
  63  7:31  SCV  
  64  7:39  SCV  
  64  7:43  SCV  
  66  7:44  Barracks Tech Lab  
  66  7:45  Medivac x2, Barracks Tech Lab  
  66  7:46  Siege Tank, Marine x2  
  66  7:48  SCV  
  76  7:51  Barracks x2, Armory, SCV  
  76  7:55  SCV  
  78  8:00  SCV  
  78  8:03  SCV  
  78  8:04  Marine x2  
  82  8:07  SCV  
  84  8:12  SCV  
  84  8:17  SCV  
  85  8:22  Stimpack  
  85  8:23  Combat Shield  
  85  8:27  Siege Tank, Supply Depot, Viking x2, Marine  
  85  8:29  Supply Depot  
  85  8:30  Supply Depot  
  93  8:41  Supply Depot  
  93  8:42  Supply Depot x2, SCV x2, Marine  
  93  8:49  SCV  
  93  8:54  SCV x2  
  93  9:01  SCV  
  94  9:06  SCV x2  
  96  9:13  SCV  
  95  9:19  SCV x2  
  95  9:21  Marine x2  
  95  9:22  Marine  
  95  9:23  Barracks Reactor x2  
  100  9:24  Viking  
  100  9:25  Viking, SCV  
  100  9:27  Command Center  
  100  9:29  Refinery  
  100  9:31  SCV x2  
  105  9:32  Refinery  
  105  9:33  Command Center  
  105  9:37  SCV  
  106  9:43  SCV x2  
  106  9:44  Barracks  
  108  9:49  SCV  
  108  9:51  Supply Depot x2  
  108  9:52  Supply Depot  
  109  9:54  Marine x2  
  109  9:55  SCV x2  
  109  9:56  Supply Depot  
  109  9:59  Liberator  
  113  10:01  SCV, Marine x2  
  113  10:04  Terran Infantry Weapons Level 2  
  119  10:07  SCV x2  
  119  10:09  Terran Infantry Armor Level 2  
  119  10:11  Marine x2  
  119  10:13  Marauder  
  125  10:18  Marauder  
  125  10:19  Supply Depot  
  127  10:24  Marine x2  
  127  10:25  Marine  
  130  10:35  Marauder  
  131  10:39  Marauder, Barracks Tech Lab  
  131  10:46  Planetary Fortress  
  131  10:49  Missile Turret  
  131  10:52  Liberator x2  
  131  10:53  Marine x5  
  131  10:56  Marauder  
  143  11:00  Marauder  
  144  11:05  Planetary Fortress  
  144  11:10  Marine  
  144  11:11  Marine x3  
  147  11:14  Terran Vehicle Weapons Level 1  
  147  11:17  Marauder  
  147  11:22  Marauder  
  147  11:23  Marine x2  
  144  11:28  Marine x3  
  144  11:29  Marine  
  143  11:39  Marauder, Marine  
  146  11:41  Marine x2  
  146  11:43  Marauder  
  146  11:44  Refinery  
  146  11:45  Missile Turret  
  146  11:46  Marine x4  
  141  11:57  Marine  
  141  11:59  Marine x2  
  141  12:00  Marauder  
  126  12:04  Marauder, Marine x4  
  124  12:10  Missile Turret  
  124  12:12  Missile Turret x2  
  124  12:14  Viking  
  124  12:15  Missile Turret, Marauder  
  126  12:16  Viking, Marine  
  126  12:17  Marine  
  126  12:20  SCV x3  
  126  12:21  Marauder  
  135  12:26  Marauder  
  137  12:32  SCV x3  
  137  12:36  Marauder  
  142  12:42  Refinery  
  142  12:43  Refinery, Marauder, Marine, Missile Turret  
  142  12:44  Refinery, Marine x3  
  146  12:47  Marauder  
  150  12:53  Viking x2  
  150  12:55  Barracks x2  
  150  12:57  Barracks x2  
  150  12:58  Marauder, Barracks  
  156  12:59  Starport x2  
  156  13:04  Marauder  
  156  13:05  Sensor Tower, Marine  
  158  13:06  Marine x4  
  158  13:07  Siege Tank  
  158  13:09  Sensor Tower, Marauder  
  158  13:10  Sensor Tower  
  168  13:17  Marine  
  168  13:19  Marauder  
  162  13:23  Marine x3  
  162  13:24  Marine x2  
  162  13:26  Marauder  
  166  13:30  Marauder  
  168  13:35  Marine  
  168  13:41  Marauder, Marine x4  
  171  13:42  Marine  
  171  13:47  Marauder  
  176  13:51  Marauder  
  176  13:53  Marine  
  179  13:59  Marine x7  
  179  14:00  Marine x3  
  179  14:02  Marauder  
  185  14:08  Marauder  
  187  14:10  Viking x3  
  187  14:11  Marine  
  187  14:13  Marauder  
  187  14:17  Marine x6  
  194  14:22  Marine  
Show
View Real Time Build Order
Export as new Build Order

ManlyManMeat Terran 

Build Orders: Reaper Expand 

Get SALT Encoding   

  12  0:00  SCV  
  13  0:12  SCV  
  14  0:17  Supply Depot  
  14  0:24  SCV  
  15  0:39  SCV, Barracks  
  16  0:43  Refinery  
  16  0:51  SCV  
  17  1:03  SCV  
  18  1:15  SCV  
  19  1:27  Orbital Command  
  19  1:28  Reaper  
  20  1:40  Command Center  
  20  1:50  Supply Depot  
  20  1:52  SCV  
  21  2:08  Marine  
  20  2:10  SCV  
  20  2:15  Factory  
  22  2:22  SCV  
  22  2:26  Barracks Reactor  
  23  2:35  SCV  
  23  2:52  Barracks, Orbital Command  
  23  2:54  SCV  
  24  2:58  Bunker  
  24  3:04  Marine x2  
  26  3:06  SCV  
  27  3:22  Marine x2  
  28  3:27  Factory Tech Lab  
  28  3:29  Starport  
  28  3:37  Supply Depot  
  28  3:39  Marine  
  28  3:40  Barracks, Marine  
  28  3:41  Marine  
  31  3:45  SCV x2  
  33  3:53  Refinery  
  33  3:54  Refinery  
  33  3:57  SCV x2  
  33  3:59  Siege Tank  
  38  4:09  SCV  
  38  4:10  SCV  
  38  4:14  Marine x2  
  38  4:16  Starport Reactor  
  41  4:21  SCV  
  41  4:22  SCV  
  43  4:27  Barracks Tech Lab  
  43  4:30  Barracks Reactor  
  43  4:33  SCV  
  43  4:34  SCV  
  43  4:35  Marine x2  
  47  4:51  Marauder  
  36  5:18  Marine x5  
  36  5:20  SCV  
  41  5:29  Refinery  
  41  5:32  SCV  
  42  5:36  SCV, Marine x2  
  42  5:42  Reaper, Stimpack  
  44  5:44  SCV  
  44  5:48  SCV  
  46  5:50  Medivac x2  
  46  5:56  SCV  
  51  6:00  SCV  
  52  6:09  Engineering Bay  
  52  6:11  Engineering Bay  
  52  6:13  Supply Depot, SCV  
  52  6:15  Supply Depot  
  52  6:16  Marine x3  
  52  6:17  Marine  
  57  6:31  SCV  
  58  6:40  Marine x4  
  58  6:43  SCV  
  63  6:48  Terran Infantry Weapons Level 1  
  63  6:49  Terran Infantry Armor Level 1  
  63  6:50  Marine  
  64  6:56  SCV  
  52  7:28  Marine x5  
  52  7:29  Siege Tank  
  59  7:33  Command Center  
  59  7:34  SCV x2  
  61  7:39  Combat Shield  
  61  7:42  Viking x2  
  65  7:45  Marine  
  65  7:46  SCV, Marine x3  
  65  7:47  Marauder  
  72  8:03  Marine x2  
  74  8:08  Marine x3  
  77  8:19  Starport  
  77  8:21  Marine  
  77  8:26  Barracks x2  
  77  8:27  Barracks  
  78  8:32  Supply Depot x2  
  78  8:36  Supply Depot  
  78  8:39  SCV x2  
  78  8:40  Siege Tank  
  64  8:51  SCV  
  64  8:52  Orbital Command  
  64  8:53  SCV  
  66  8:56  Marine x3  
  66  8:57  Marine x2  
  69  9:03  SCV  
  69  9:05  SCV  
  71  9:12  Siege Tank  
  71  9:15  Marauder, SCV  
  77  9:22  Fusion Core  
  77  9:23  Starport Tech Lab  
  75  9:30  SCV x3  
  78  9:35  Marine x3  
  78  9:37  Barracks Tech Lab  
  81  9:39  Barracks Reactor  
  81  9:46  Barracks Reactor  
  81  9:48  Raven  
  81  9:49  Interference Matrix  
  83  9:54  SCV x3  
  83  9:55  Marine x2  
  83  9:56  Marine x2  
  83  9:57  Marauder  
  92  10:06  SCV x2, Marine  
  95  10:13  SCV, Marine  
  97  10:20  Armory  
  97  10:23  Battlecruiser  
  103  10:35  Marine x3  
  103  10:36  Marine x5  
  103  10:37  Marine x2  
  103  10:40  Concussive Shells  
  112  10:53  Marine  
  112  10:54  SCV x3  
  116  11:00  Marine  
  117  11:05  Command Center  
  117  11:10  Marine  
  117  11:12  Command Center  
  117  11:16  SCV x2  
  117  11:18  Marine x2  
  117  11:19  Marine  
  117  11:20  SCV, Marine x3  
  117  11:21  Marine  
  97  11:34  Marine x3  
  97  11:36  Marine  
  97  11:38  Terran Infantry Weapons Level 2, Terran Infantry Armor Level 2  
  87  11:54  Marine  
  87  11:55  Marine x7  
  87  11:56  SCV x2, Marine x2  
  91  12:06  Battlecruiser  
  91  12:07  Siege Tank  
  95  12:12  Command Center, Marine x2  
  95  12:13  Marine x3  
  100  12:21  Refinery x2, Missile Turret  
  100  12:22  Missile Turret  
  100  12:24  Planetary Fortress  
  100  12:27  Planetary Fortress  
  100  12:28  SCV x2  
  102  12:31  Marine x6  
  102  12:32  Marine x3  
  111  12:38  Marine  
  111  12:40  SCV x2  
  114  12:49  Marine  
  115  12:52  SCV x2  
  117  13:01  Marine x6  
  117  13:02  Marine  
  117  13:04  Thor  
  130  13:08  Viking  
  130  13:09  Viking  
  131  13:24  Marine x3  
  102  13:42  Marine x5  
  102  13:43  Marine  
  82  13:59  SCV x4  
  82  14:01  Marine x5  
  82  14:02  Marine  
  91  14:05  Viking  
  90  14:11  SCV x3  
Tags
 
Add a new tag
Caveats
  • Supply blocks, unpowered buildings, or Contaminate may cause inaccurate times.
  • Supply counts are checked every 10 seconds.